 Dungeon Crawl Stone Soup version 0.26-a0-597-gb535b0901c (webtiles) character file.

Game seed: 5203920613236724920

52 MrRokkomies the Vexing (level 3, 0/14 HPs)
             Began as a Felid Enchanter on Aug 27, 2020.
             Slain by a worm (6 damage)
             ... on level 2 of the Dungeon.
             The game lasted 00:02:14 (1565 turns).

MrRokkomies the Vexing (Felid Enchanter)            Turns: 1565, Time: 00:02:15

Health: 0/14       AC:  1    Str:  4    XL:     3   Next: 60%
Magic:  4/7        EV: 18    Int: 13    God:
Gold:   153        SH:  0    Dex: 16    Spells: 0/6 levels left
                                        Lives:  0   Deaths: 0

rFire    . . .     SeeInvis +     - Unarmed
rCold    . . .     Faith    .   (shield unavailable)
rNeg     . . .     Spirit   .   (armour unavailable)
rPois    .         Reflect  .   (helmet unavailable)
rElec    .         Harm     .   (cloak unavailable)
rCorr    .                      (gloves unavailable)
MR       .....                  (boots unavailable)
Stlth    +++.......             (no amulet)
HPRegen  0.04/turn              c - -4 ring of intelligence (curse)
MPRegen  0.10/turn              (no ring)

@: quick
A: very small, no armour, no weapons or thrown items, stealth, claws 1, fangs 3,
see invisible, speed 1, shaggy fur 1, sharp paws
a: no special abilities


You were on level 2 of the Dungeon.
You visited 1 branch of the dungeon, and saw 2 of its levels.

You collected 153 gold pieces.

Inventory:

Jewellery
 c - a cursed -4 ring of intelligence (left paw)
Scrolls
 b - 2 scrolls of identify
Potions
 a - a potion of curing {unknown}
 d - a potion of might


   Skills:
 + Level 3.3 Dodging
 + Level 4.5 Stealth
 * Level 2.1 Unarmed Combat
 - Level 2.0 Spellcasting
 * Level 5.3 Hexes


You couldn't memorise any spells.
You knew the following spells:

 Your Spells              Type           Power        Failure   Level
a - Corona                Hex            ###....      3%          1
b - Confusing Touch       Hex            ###.....     9%          3
c - Ensorcelled Hibernat  Hex/Ice        #.....       13%         2

Your spell library contained the following spells:

 Spells                   Type           Power        Failure   Level
 Tukima's Dance           Hex            ###.....     9%          3
 Dazzling Flash           Conj/Hex       #.....       26%         3


Dungeon Overview and Level Annotations

Branches:
Dungeon (2/15)

Altars:


Innate Abilities, Weirdness & Mutations

You cannot wear armour.
You are incapable of wielding weapons or throwing items.
Your paws allow you to move quietly. (Stealth)
You have sharp claws.
You have razor-sharp teeth.
You have supernaturally acute eyesight. (SInv)
You cover ground quickly.
You are covered in fur. (AC +1)
Your sharp claws are effective at attacking unaware monsters.


Message History

You kill the leopard gecko!
There is a stone staircase leading down here.
You scratch the worm.
The worm is lightly wounded.
You scratch the worm.
The worm is moderately wounded.
The worm bites you!
Ouch! That really hurt!
Casting: Ensorcelled Hibernation (safe; 13% risk of failure)
Confirm with . or Enter, or press ? or * to list all spells.
Aiming: Ensorcelled Hibernation (safe; 13% risk of failure)
Press: ? - help, Shift-Dir - straight line, f - worm
Aim: a worm (lightly wounded, chance to defeat MR: 49%)
The worm looks drowsy...
You pounce on the unaware helpless worm!
You claw the worm! Your bite misses the worm.
The worm is almost dead.
A bat comes into view.
The worm bites you.
You die...

#### #.########
....########+#.........
..(........$..........#
.............†.######.#
....................#.#
.............†..###.#.#
......†.).......###.#.##
.......>................
.......@............#.#.
.......w#############.#.
......... .........+.
.......... ....####.#.
........... ......[..##
####........ ........#
.....##### ##......##
..b.... ..........
..........


You could see a worm and a bat.

Vanquished Creatures
  An adder (D:2)
  4 leopard geckos
  2 giant cockroaches
  5 goblins
  3 hobgoblins (D:1)
  4 jackals (D:1)
  5 bats
  4 frilled lizards
  5 kobolds
  4 rats
37 creatures vanquished.

Notes
Turn   | Place    | Note
-------+----------+-------------------------------------------
     0 | D:1      | MrRokkomies the Felid Enchanter began the quest for the
                  | Orb.
     0 | D:1      | Reached XP level 1. HP: 7/7 MP: 4/4
   244 | D:1      | Reached XP level 2. HP: 11/11 MP: 6/6
   438 | D:1      | Reached skill level 5 in Hexes
   898 | D:1      | Reached XP level 3. HP: 14/14 MP: 7/7
  1155 | D:2      | Learned a level 3 spell: Confusing Touch
  1158 | D:2      | Learned a level 2 spell: Ensorcelled Hibernation
  1565 | D:2      | Slain by a worm

Illustrated notes

Levels and vault maps discovered:
D:1:      minmay_arrival_five_plusses, layout_basic, dk_noncrumbling_3,
          st_stairs_6
D:2:      layout_basic, minmay_tiny_reverse_x

Skill      XL: |  1  2  3 |
---------------+----------+-----
Dodging        | 3 |  3.3
Hexes          | 5 |  5.3
Unarmed Combat | 2 |  2.1
Stealth        | |  4.5
Spellcasting   | |  2.0

Action                   || total
-------------------------++-------
Melee: Unarmed           ||   111
       Bite              ||     5
 Cast: Ensorcelled Hiber ||     6
  Use: Scroll            ||     3
 Stab: Sleeping          ||    15
Armor: Skin              ||     5
Dodge: Dodged            ||    87

Table legend: (Time is in decaauts)
 A = Elapsed time spent in this place.
 B = Non-inter-level travel time spent in this place.
 C = Inter-level travel time spent in this place.
 D = Time resting spent in this place.
 E = Time spent auto-exploring this place.
 F = Levels seen in this place.
 G = Mean time per level.
                   A        B        C        D        E       F      G
               +--------+--------+--------+--------+--------+-----+--------+
         Total |   1409 |   1397 |     12 |    271 |    877 |   2 |  704.5 |
       Dungeon |   1409 |   1397 |     12 |    271 |    877 |   2 |  704.5 |
               +--------+--------+--------+--------+--------+-----+--------+

Top non-repeatable levels by time:
     D:1: 1018 daAuts
     D:2: 391 daAuts
